| TOP OF THE 1ST |
|
Pawtucket Paw Sox batting - Pitching for Lynn Sailors : RHP Donald Cline
|
|
Pitching: RHP Donald Cline
|
|
|
Batting: RHB Robert Duran
|
0-0: Ball 1-0: Called Strike 1-1: Ball 2-1: Foul Ball, location: 2F 2-2: Fly out, F7 (Flyball, 78M, EV 85.0 MPH)
|
|
Batting: RHB Shooty Babitt
|
0-0: Called Strike 0-1: Foul Ball, location: 2F 0-2: Ball 1-2: Ball 2-2: Fly out, F3 (Popup, 3L, EV 68.8 MPH)
|
|
Batting: LHB Jeff Stone
|
0-0: Called Strike 0-1: Foul Ball, location: 2F 0-2: Ball 1-2: Strikes out swinging
|
| Top of the 1st over - 0 runs, 0 hits, 0 errors, 0 left on base; Pawtucket 0 - Lynn 0 |
| BOTTOM OF THE 1ST |
|
Lynn Sailors batting - Pitching for Pawtucket Paw Sox : LHP John Hobbs
|
|
Pitching: LHP John Hobbs
|
|
|
Batting: RHB Ron Wotus
|
0-0: Fly out, F9 (Flyball, 9, EV 90.6 MPH)
|
|
Batting: RHB Jorge Hinojosa
|
0-0: Fly out, F8 (Line Drive, 8RD, EV 92.5 MPH)
|
|
Batting: RHB Mike Rubel
|
0-0: Foul Ball, location: 2F 0-1: Ball 1-1: Called Strike 1-2: Ball 2-2: Ball 3-2: Base on Balls
|
|
Batting: RHB Ken Gerhart
|
0-0: Ball 1-0: Ball 2-0: Ball 3-0: Called Strike 3-1: Base on Balls Mike Rubel to second
|
|
Batting: RHB Mike Reddish
|
0-0: Ball 1-0: Called Strike 1-1: Swinging Strike 1-2: Fly out, F8 (Flyball, 8LM, EV 93.1 MPH)
|
| Bottom of the 1st over - 0 runs, 0 hits, 0 errors, 2 left on base; Pawtucket 0 - Lynn 0 |
| TOP OF THE 2ND |
|
Pawtucket Paw Sox batting - Pitching for Lynn Sailors : RHP Donald Cline
|
|
Batting: RHB Dave Malpeso
|
0-0: Called Strike 0-1: Ball 1-1: Ball 2-1: Fly out, F8 (Flyball, 89XD, EV 108.8 MPH)
|
|
Batting: RHB Brick Smith
|
0-0: Ball 1-0: Ball 2-0: Ball 3-0: Called Strike 3-1: Base on Balls
|
|
Batting: LHB David Wiggins
|
0-0: Swinging Strike 0-1: Ball 1-1: Ball 2-1: Foul Ball, location: 2F 2-2: Grounds into double play, 4-6-3 (Groundball, 4, EV 81.3 MPH)
|
| Top of the 2nd over - 0 runs, 0 hits, 0 errors, 0 left on base; Pawtucket 0 - Lynn 0 |
| BOTTOM OF THE 2ND |
|
Lynn Sailors batting - Pitching for Pawtucket Paw Sox : LHP John Hobbs
|
|
Batting: RHB Ted Trevino
|
0-0: Ball 1-0: Called Strike 1-1: Ball 2-1: Fly out, F7 (Flyball, 7, EV 88.8 MPH)
|
|
Batting: RHB Vinny Jaramillo
|
0-0: Foul Ball, location: 2F 0-1: Called Strike 0-2: Ball 1-2: Ball 2-2: Ground out 4-3 (Groundball, 34, EV 83.8 MPH)
|
|
Batting: SHB Danny Gans
|
0-0: Ball 1-0: Called Strike 1-1: Foul Ball, location: 2F 1-2: Foul Ball, location: 2F 1-2: SOLO HOME RUN (Flyball, 7D, EV 93.1 MPH), Distance : 364 ft
|
|
Batting: RHB Ezequiel Carrasco
|
0-0: Called Strike 0-1: Ground out 5-3 (Groundball, 56, EV 108.1 MPH)
|
| Bottom of the 2nd over - 1 run, 1 hit, 0 errors, 0 left on base; Pawtucket 0 - Lynn 1 |
| TOP OF THE 3RD |
|
Pawtucket Paw Sox batting - Pitching for Lynn Sailors : RHP Donald Cline
|
|
Batting: LHB Steven Blackman
|
0-0: Ball 1-0: Ball 2-0: Ball 3-0: Called Strike 3-1: Foul Ball, location: 2F 3-2: Base on Balls
|
|
Batting: SHB Gary Weiss
|
0-0: Ball 1-0: Ball 2-0: Called Strike Steven Blackman is caught stealing 2nd base 2-6 2-1: Swinging Strike 2-2: Foul Ball, location: 2F 2-2: Ground out U3 (Groundball, 3, EV 83.8 MPH)
|
|
Batting: RHB Lenny Faedo
|
0-0: Ball 1-0: Ball 2-0: Swinging Strike 2-1: Ball 3-1: SINGLE (Groundball, 56D, EV 102.5 MPH)
|
|
Batting: RHB Robert Duran
|
0-0: Called Strike 0-1: Ball 1-1: Ball 2-1: Swinging Strike 2-2: SINGLE (Groundball, 56D, EV 98.1 MPH) Lenny Faedo to second
|
|
Batting: RHB Shooty Babitt
|
0-0: SINGLE (Line Drive, 7LS, EV 96.3 MPH) Lenny Faedo to third Robert Duran to second Runner from 3rd tries for Home, throw by LF and OUT! 7-2
|
| Top of the 3rd over - 0 runs, 3 hits, 0 errors, 2 left on base; Pawtucket 0 - Lynn 1 |
| BOTTOM OF THE 3RD |
|
Lynn Sailors batting - Pitching for Pawtucket Paw Sox : LHP John Hobbs
|
|
Batting: RHB Ron Wotus
|
0-0: Ball 1-0: Ground out 5-3 (Groundball, 56S, EV 82.5 MPH)
|
|
Batting: RHB Jorge Hinojosa
|
0-0: Ball 1-0: Swinging Strike 1-1: Called Strike 1-2: Strikes out swinging
|
|
Batting: RHB Mike Rubel
|
0-0: Called Strike 0-1: Ball 1-1: Swinging Strike 1-2: Ball 2-2: Foul Ball, location: 2F 2-2: Strikes out looking
|
| Bottom of the 3rd over - 0 runs, 0 hits, 0 errors, 0 left on base; Pawtucket 0 - Lynn 1 |
| TOP OF THE 4TH |
|
Pawtucket Paw Sox batting - Pitching for Lynn Sailors : RHP Donald Cline
|
|
Batting: LHB Jeff Stone
|
0-0: Foul Ball, location: 2F 0-1: Ball 1-1: Fly out, F8 (Line Drive, 8LD, EV 86.9 MPH)
|
|
Batting: RHB Dave Malpeso
|
0-0: Ball 1-0: Swinging Strike 1-1: Ball 2-1: Ground out 6-3 (Groundball, 6, EV 84.4 MPH)
|
|
Batting: RHB Brick Smith
|
0-0: Ball 1-0: Ball 2-0: Ball 3-0: Swinging Strike 3-1: Swinging Strike 3-2: Base on Balls
|
|
Batting: LHB David Wiggins
|
0-0: Called Strike 0-1: Ball 1-1: Ball 2-1: Ball 3-1: Called Strike 3-2: Foul Ball, location: 2F 3-2: Fly out, F7 (Flyball, 7LM, EV 89.4 MPH)
|
| Top of the 4th over - 0 runs, 0 hits, 0 errors, 1 left on base; Pawtucket 0 - Lynn 1 |
| BOTTOM OF THE 4TH |
|
Lynn Sailors batting - Pitching for Pawtucket Paw Sox : LHP John Hobbs
|
|
Batting: RHB Ken Gerhart
|
0-0: Foul Ball, location: 2F 0-1: Called Strike 0-2: Strikes out swinging, 2-3 out at first.
|
|
Batting: RHB Mike Reddish
|
0-0: SINGLE (Flyball, 34D, EV 87.5 MPH)
|
|
Batting: RHB Ted Trevino
|
0-0: Ball 1-0: Called Strike 1-1: Foul Ball, location: 2F 1-2: Strikes out swinging
|
|
Batting: RHB Vinny Jaramillo
|
0-0: Called Strike 0-1: Ground out 4-3 (Groundball, 4, EV 79.4 MPH)
|
| Bottom of the 4th over - 0 runs, 1 hit, 0 errors, 1 left on base; Pawtucket 0 - Lynn 1 |
| TOP OF THE 5TH |
|
Pawtucket Paw Sox batting - Pitching for Lynn Sailors : RHP Donald Cline
|
|
Batting: LHB Steven Blackman
|
0-0: Ball 1-0: SINGLE (Groundball, 56S, EV 70.6 MPH) (infield hit)
|
|
Batting: SHB Gary Weiss
|
0-0: Sac Bunt to 25 - play at first, batter OUT! 5-4 Steven Blackman to second
|
|
Batting: RHB Lenny Faedo
|
0-0: Ball Steven Blackman is caught stealing 3rd base 2-5 1-0: SINGLE (Groundball, 5S, EV 63.8 MPH) (infield hit)
|
|
Batting: RHB Robert Duran
|
0-0: Called Strike 0-1: Ball 1-1: SINGLE (Groundball, 6MD, EV 94.4 MPH) Lenny Faedo to second Runner from 2nd tries for 3rd, SAFE, throw by CF made at trailing runner, OUT! 8-3-4
|
| Top of the 5th over - 0 runs, 3 hits, 0 errors, 1 left on base; Pawtucket 0 - Lynn 1 |
| BOTTOM OF THE 5TH |
|
Lynn Sailors batting - Pitching for Pawtucket Paw Sox : LHP John Hobbs
|
|
Batting: SHB Danny Gans
|
0-0: Ball 1-0: Called Strike 1-1: Called Strike 1-2: Ball 2-2: Foul Ball, location: 2F 2-2: Strikes out swinging
|
|
Batting: RHB Ezequiel Carrasco
|
0-0: Called Strike 0-1: Ball 1-1: Ball 2-1: Swinging Strike 2-2: Ball 3-2: Base on Balls
|
|
Batting: RHB Ron Wotus
|
0-0: Ball 1-0: Ball 2-0: Called Strike 2-1: Fly out, F9 (Flyball, 9D, EV 95.6 MPH)
|
|
Batting: RHB Jorge Hinojosa
|
0-0: Called Strike 0-1: Ball 1-1: Foul Ball, location: 2F 1-2: Ball 2-2: Strikes out looking
|
| Bottom of the 5th over - 0 runs, 0 hits, 0 errors, 1 left on base; Pawtucket 0 - Lynn 1 |
| TOP OF THE 6TH |
|
Pawtucket Paw Sox batting - Pitching for Lynn Sailors : RHP Donald Cline
|
|
Batting: RHB Shooty Babitt
|
0-0: Ball 1-0: Ground out 6-3 (Groundball, 6, EV 97.5 MPH)
|
|
Batting: LHB Jeff Stone
|
0-0: Called Strike 0-1: Ball 1-1: Ball 2-1: Ball 3-1: Foul Ball, location: 2F 3-2: Base on Balls
|
|
Batting: RHB Dave Malpeso
|
0-0: Ball 1-0: Ball 2-0: Foul Ball, location: 2F 2-1: SINGLE (Groundball, 6MD, EV 95.0 MPH) Jeff Stone to second
|
|
Batting: RHB Brick Smith
|
0-0: Ball 1-0: Fly out, F9 (Flyball, 89S, EV 86.3 MPH)
|
|
Batting: LHB David Wiggins
|
0-0: Called Strike 0-1: Reached via error on a dropped throw from 3B, E4 (Groundball, 5L, EV 101.3 MPH) Jeff Stone to third Dave Malpeso to second
|
|
Batting: LHB Steven Blackman
|
0-0: Called Strike 0-1: Swinging Strike 0-2: Ball 1-2: Ball 2-2: Ball 3-2: Base on Balls Jeff Stone scores Dave Malpeso to third David Wiggins to second
|
|
Batting: SHB Gary Weiss
|
0-0: Swinging Strike 0-1: Foul Ball, location: 2F 0-2: Strikes out swinging
|
| Top of the 6th over - 1 run, 1 hit, 1 error, 3 left on base; Pawtucket 1 - Lynn 1 |
| BOTTOM OF THE 6TH |
|
Lynn Sailors batting - Pitching for Pawtucket Paw Sox : LHP John Hobbs
|
|
Batting: RHB Mike Rubel
|
0-0: Called Strike 0-1: Ball 1-1: DOUBLE (Line Drive, 89D, EV 104.4 MPH)
|
|
Batting: RHB Ken Gerhart
|
0-0: Called Strike 0-1: Ball 1-1: Called Strike 1-2: Fly out, F3 (Popup, 34S, EV 66.3 MPH)
|
|
Batting: RHB Mike Reddish
|
0-0: SINGLE (Flyball, 8RS, EV 95.0 MPH) Mike Rubel to third
|
|
Batting: RHB Ted Trevino
|
0-0: Ball 1-0: Ball 2-0: Ball 3-0: Called Strike 3-1: Base on Balls Mike Reddish to second
|
|
Batting: RHB Vinny Jaramillo
|
0-0: Ball 1-0: Ball Wild Pitch! Mike Rubel scores Mike Reddish to third Ted Trevino to second 2-0: Ball 3-0: Called Strike 3-1: Swinging Strike 3-2: Foul Ball, location: 2F 3-2: Base on Balls
|
|
Batting: SHB Danny Gans
|
0-0: Ball 1-0: Called Strike 1-1: Swinging Strike 1-2: Ball 2-2: Foul Ball, location: 2F 2-2: Strikes out swinging
|
|
Batting: RHB Ezequiel Carrasco
|
0-0: Ball 1-0: SINGLE (Line Drive, 7S, EV 101.3 MPH) Mike Reddish scores Ted Trevino to third Vinny Jaramillo to second Runner from 3rd tries for Home, SAFE, throw by LF to home
|
|
Batting: RHB Ron Wotus
|
0-0: Ball 1-0: Ball 2-0: Called Strike 2-1: Swinging Strike 2-2: Foul Ball, location: 2F 2-2: Fly out, F8 (Line Drive, 8RM, EV 97.5 MPH)
|
| Bottom of the 6th over - 3 runs, 3 hits, 0 errors, 2 left on base; Pawtucket 1 - Lynn 4 |
| TOP OF THE 7TH |
|
Pawtucket Paw Sox batting - Pitching for Lynn Sailors : RHP Donald Cline
|
|
Batting: RHB Lenny Faedo
|
0-0: Ground out 5-3 (Groundball, 56S, EV 92.5 MPH)
|
|
Batting: RHB Robert Duran
|
0-0: Called Strike 0-1: SINGLE (Line Drive, 78S, EV 105.6 MPH)
|
|
Batting: RHB Shooty Babitt
|
0-0: Ball 1-0: Foul Ball, location: 2F 1-1: SINGLE (Groundball, 4D, EV 108.8 MPH) Robert Duran to second Runner from 2nd tries for 3rd, SAFE, throw by CF made to third
|
|
Pitching: RHP Trent Ferrin
|
|
|
Batting: LHB Jeff Stone
|
0-0: Ball 1-0: Called Strike 1-1: SINGLE (Line Drive, 4MD, EV 100.0 MPH) Robert Duran scores Shooty Babitt to second
|
|
Batting: RHB Dave Malpeso
|
0-0: Ball 1-0: Ball 2-0: Called Strike 2-1: Called Strike 2-2: Foul Ball, location: 2F 2-2: Fly out, F7 (Flyball, 78D, EV 84.4 MPH)
|
|
Batting: RHB Brick Smith
|
0-0: 3-RUN HOME RUN (Flyball, 7D, EV 100.0 MPH), Distance : 364 ft
|
|
Batting: LHB David Wiggins
|
0-0: Ball 1-0: Swinging Strike 1-1: Foul Ball, location: 2F 1-2: Ball 2-2: Foul Ball, location: 2F 2-2: Ball 3-2: Base on Balls
|
|
Batting: LHB Steven Blackman
|
0-0: Foul Ball, location: 2F 0-1: Ball 1-1: SINGLE (Line Drive, 7S, EV 93.8 MPH) David Wiggins to second
|
|
Batting: SHB Gary Weiss
|
0-0: Called Strike 0-1: Foul Ball, location: 2F 0-2: Ball 1-2: Foul Ball, location: 2F 1-2: Ball 2-2: DOUBLE (Line Drive, 78D, EV 106.9 MPH) David Wiggins scores Steven Blackman to third Runner from 3rd tries for Home, SAFE, no throw by LF
|
|
Pitching: RHP Tim Reynolds
|
|
|
Batting: RHB Lenny Faedo
|
0-0: Ball 1-0: Foul Ball, location: 2F 1-1: Ball 2-1: SINGLE (Groundball, 56S, EV 71.9 MPH) (infield hit) Gary Weiss to third
|
|
Batting: RHB Robert Duran
|
0-0: Ball 1-0: Foul Ball, location: 2F 1-1: Called Strike 1-2: Foul Ball, location: 2F 1-2: Foul Ball, location: 2F 1-2: Ball 2-2: Ball 3-2: Fly out, F9 (Flyball, 9LD, EV 90.0 MPH)
|
| Top of the 7th over - 6 runs, 7 hits, 0 errors, 2 left on base; Pawtucket 7 - Lynn 4 |
| BOTTOM OF THE 7TH |
|
Lynn Sailors batting - Pitching for Pawtucket Paw Sox : LHP John Hobbs
|
|
Batting: RHB Jorge Hinojosa
|
0-0: Ground out 5-3 (Groundball, 56S, EV 83.8 MPH)
|
|
Batting: RHB Mike Rubel
|
0-0: Ball 1-0: Ball 2-0: Ball 3-0: Base on Balls
|
|
Batting: RHB Ken Gerhart
|
0-0: Called Strike 0-1: Ball 1-1: Swinging Strike 1-2: Strikes out looking
|
|
Batting: RHB Mike Reddish
|
0-0: Called Strike 0-1: Ball 1-1: 2-RUN HOME RUN (Flyball, 78XD, EV 95.0 MPH), Distance : 422 ft
|
|
Pitching: RHP Sam Bryan
|
|
|
Batting: RHB Ted Trevino
|
0-0: Ball 1-0: Foul Ball, location: 2F 1-1: Foul Ball, location: 2F 1-2: Foul Ball, location: 2F 1-2: Ball 2-2: SINGLE (Groundball, 4MD, EV 104.4 MPH)
|
|
Batting: RHB Vinny Jaramillo
|
0-0: SINGLE (Groundball, 4MD, EV 98.8 MPH) Ted Trevino to second Runner from 2nd tries for 3rd, SAFE, throw by CF made to third
|
|
Batting: SHB Danny Gans
|
0-0: Ball 1-0: Ball 2-0: Called Strike 2-1: Ball 3-1: Foul Ball, location: 2F 3-2: Fly out, F7 (Flyball, 78XD, EV 100.6 MPH)
|
| Bottom of the 7th over - 2 runs, 3 hits, 0 errors, 2 left on base; Pawtucket 7 - Lynn 6 |
| TOP OF THE 8TH |
|
Pawtucket Paw Sox batting - Pitching for Lynn Sailors : RHP Tim Reynolds
|
|
Batting: RHB Shooty Babitt
|
0-0: Ball 1-0: Foul Ball, location: 2F 1-1: Called Strike 1-2: Ball 2-2: Ball 3-2: Base on Balls
|
|
Batting: LHB Jeff Stone
|
0-0: Ball Shooty Babitt is caught stealing 2nd base 2-6 1-0: Foul Ball, location: 2F 1-1: Ball 2-1: Ground out 6-3 (Groundball, 56, EV 89.4 MPH)
|
|
Batting: RHB Dave Malpeso
|
0-0: Fly out, F7 (Flyball, 7S, EV 95.0 MPH)
|
| Top of the 8th over - 0 runs, 0 hits, 0 errors, 0 left on base; Pawtucket 7 - Lynn 6 |
| BOTTOM OF THE 8TH |
|
Lynn Sailors batting - Pitching for Pawtucket Paw Sox : RHP Sam Bryan
|
|
Batting: RHB Ezequiel Carrasco
|
0-0: Called Strike 0-1: Swinging Strike 0-2: Ball 1-2: Foul Ball, location: 2F 1-2: Strikes out looking
|
|
Batting: RHB Ron Wotus
|
0-0: Foul Ball, location: 2F 0-1: Foul Ball, location: 2F 0-2: Ball 1-2: Foul Ball, location: 2F 1-2: Ground out 5-3 (Groundball, 5, EV 90.6 MPH)
|
|
Batting: RHB Jorge Hinojosa
|
0-0: Called Strike 0-1: Ball 1-1: Ball 2-1: Ball 3-1: Fly out, F1 (Line Drive, P, EV 70.0 MPH)
|
| Bottom of the 8th over - 0 runs, 0 hits, 0 errors, 0 left on base; Pawtucket 7 - Lynn 6 |
| TOP OF THE 9TH |
|
Pawtucket Paw Sox batting - Pitching for Lynn Sailors : RHP Tim Reynolds
|
|
Batting: RHB Brick Smith
|
0-0: Ball 1-0: Called Strike 1-1: Swinging Strike 1-2: Strikes out swinging
|
|
Batting: LHB David Wiggins
|
0-0: Ball 1-0: Ball 2-0: Ball 3-0: Base on Balls
|
|
Batting: LHB Steven Blackman
|
0-0: Ball 1-0: Swinging Strike 1-1: Called Strike 1-2: Fly out, F4 (Line Drive, 4, EV 71.3 MPH)
|
|
Batting: SHB Gary Weiss
|
0-0: Swinging Strike 0-1: Ball 1-1: Ball 2-1: Ball 3-1: Called Strike 3-2: Fly out, F8 (Flyball, 8LXD, EV 96.9 MPH)
|
| Top of the 9th over - 0 runs, 0 hits, 0 errors, 1 left on base; Pawtucket 7 - Lynn 6 |
| BOTTOM OF THE 9TH |
|
Lynn Sailors batting - Pitching for Pawtucket Paw Sox : RHP Sam Bryan
|
|
Pitching: RHP Terry McAnnally
|
|
|
Now at 1B: Ted Cox
|
|
|
Batting: RHB Mike Rubel
|
0-0: Ball 1-0: Foul Ball, location: 2F 1-1: Swinging Strike 1-2: Strikes out looking
|
|
Batting: RHB Ken Gerhart
|
0-0: Fly out, F4 (Popup, 34S, EV 82.5 MPH)
|
|
Batting: RHB Mike Reddish
|
0-0: Ball 1-0: Swinging Strike 1-1: Ball 2-1: Called Strike 2-2: Strikes out looking
|
| Bottom of the 9th over - 0 runs, 0 hits, 0 errors, 0 left on base; Pawtucket 7 - Lynn 6 |
|